 Dungeon Crawl Stone Soup version 0.21.2 (console) character file.

211 toffzen the Skirmisher (level 5, 0/46 HPs)
             Began as a Minotaur Arcane Marksman on Oct 10, 2018.
             Was an Initiate of Ru.
             Killed by nerve-wracking pain
             ... invoked by Grinder
              (3 damage)
             ... on level 3 of the Dungeon.
             The game lasted 00:07:47 (2227 turns).

toffzen the Skirmisher (Minotaur Arcane Marksman)   Turns: 2227, Time: 00:07:48

Health: 0/46       AC:  6    Str: 15    XL:     5   Next: 57%
Magic:  5/5        EV: 12    Int: 10    God:    Ru [......]
Gold:   190        SH:  0    Dex: 11    Spells: 5/6 levels left

rFire    . . .     SeeInvis .   s - +0 hand axe
rCold    . . .     Gourm    .   (no shield)
rNeg     . . .     Faith    .   g - +0 ring mail
rPois    .         Spirit   .   (helmet restricted)
rElec    .         Reflect  .   (no cloak)
rCorr    .         Harm     .   t - +0 pair of gloves
MR       .....                  (no boots)
Stlth    +.........             (no amulet)
HPRegen  0.15/turn              q - ring of flight
MPRegen  0.09/turn              (no ring)

@: no status effects
A: retaliatory headbutt, horns 2
a: Renounce Religion, Evoke Flight


You were on level 3 of the Dungeon.
You worshipped Ru.
Ru was noncommittal.
You were not hungry.

You visited 1 branch of the dungeon, and saw 3 of its levels.

You collected 190 gold pieces.

Inventory:

Hand Weapons
 l - a +0 whip
 o - a +0 mace
 r - a +0 falchion
 s - a +0 hand axe (weapon)
Missiles
 c - 5 javelins (quivered)
 d - 2 throwing nets
 i - 68 stones
Armour
 g - a +0 ring mail (worn)
 t - a +0 pair of gloves (worn)
Jewellery
 q - a ring of flight (left hand)
Scrolls
 e - a scroll of fog
 k - 3 scrolls of remove curse
 u - a scroll of enchant weapon {unknown}
 v - a scroll of amnesia {unknown}
Potions
 n - a potion of invisibility
 p - a potion of magic {unknown}
Books
 b - a book of Debilitation

   Spells                             Type                      Level
   a - Corona                         Hexes                        1
   b - Slow                           Hexes                        2
   c - Inner Flame                    Hexes/Fire                   3
   d - Portal Projectile              Hexes/Translocation          3
   e - Cause Fear                     Hexes                        4
   f - Leda's Liquefaction            Hexes/Earth                  4
Comestibles
 f - 4 rations
 h - 7 chunks of flesh


   Skills:
 + Level 3.8 Fighting
 * Level 3.0 Axes
 - Level 2.0 Throwing
 + Level 2.9 Armour
 + Level 3.5 Dodging
 - Level 1.0 Spellcasting
 - Level 2.0 Hexes


You had 5 spell levels left.
You knew the following spells:

 Your Spells              Type           Power        Failure   Level  Hunger
a - Corona                Hex            #......      28%         1    ##.....


Dungeon Overview and Level Annotations

Branches:
Dungeon (3/15)

Altars:
Makhleb
Ru
Zin

Annotations:
D:3 Grinder


Innate Abilities, Weirdness & Mutations

You reflexively headbutt those who attack you in melee.
You have a pair of horns on your head.


Message History

Grinder gestures at you.
You shrug off the repeated paralysis!
You can move again.
You feel better. Grinder gestures at you.
You shrug off the repeated paralysis!
Grinder zaps a wand.
You hear a grinding noise.
Grinder hits you but does no damage.
You hit Grinder. Your headbutt misses Grinder.
Grinder is moderately wounded.
Grinder hits you!
* * * LOW HITPOINT WARNING * * *
You writhe in agony.
* * * LOW HITPOINT WARNING * * *
You closely miss Grinder.
Grinder is moderately wounded.
Grinder gestures at you. Pain shoots through your body!
You die...

#######.......).#.....ยง
#...............# ##5##
#.######........#
#.#####..# .# #..####.#
.##........#
#.......####
######..#.##.#
..........# .#
#######.#.##.# #..@5..#
########


You could see Grinder.

Vanquished Creatures
  A centaur (D:3)
  An orc priest (D:3)
  2 adders
  An ooze (D:3)
  4 worms (D:2)
  3 orcs (D:3)
  2 ball pythons
  3 giant cockroaches
  6 goblins
  6 hobgoblins
  5 jackals
  2 quokkas (D:3)
  8 bats
  3 frilled lizards
  8 kobolds
  8 rats
63 creatures vanquished.

Vanquished Creatures (others)
  A leopard gecko (D:3)
  A hobgoblin (D:3)
  A goblin (D:3)
  A rat (D:3)
4 creatures vanquished.

Grand Total: 67 creatures vanquished

Notes
Turn   | Place    | Note
-------+----------+-------------------------------------------
     0 | D:1      | toffzen the Minotaur Arcane Marksman began the quest for the Orb.
     0 | D:1      | Reached XP level 1. HP: 16/16 MP: 1/1
   241 | D:1      | Reached XP level 2. HP: 23/24 MP: 2/2
   349 | D:1      | Reached skill level 1 in Armour
   469 | D:1      | You fall through a shaft!
   904 | D:2      | Reached XP level 3. HP: 24/30 MP: 3/3
  1203 | D:2      | Found a burning altar of Makhleb.
  1323 | D:2      | Found a faded altar of an unknown god.
  1494 | D:2      | Found a sacrificial altar of Ru.
  1537 | D:2      | Found a glowing silver altar of Zin.
  1578 | D:2      | Became a worshipper of Ru the Awakened
  1653 | D:3      | Reached XP level 4. HP: 33/38 MP: 4/4
  1684 | D:3      | Noticed a centaur
  1689 | D:3      | Reached skill level 1 in Axes
  1695 | D:3      | Killed a centaur
  1695 | D:3      | Reached XP level 5. HP: 32/45 MP: 5/5
  2180 | D:3      | Noticed Grinder
  2215 | D:3      | Paralysed by Grinder for 7 turns
  2227 | D:3      | Killed from afar by Grinder

Skill      XL: |  1  2  3  4  5 |
---------------+----------------+-----
Fighting       | 2 3 |  3.8
Armour         | 1 2 |  2.9
Dodging        | 3 |  3.5
Axes           | 2 3 |  3.0
Throwing       | |  2.0
Spellcasting   | |  1.0
Hexes          | |  2.0

Action                   |  1- 3 |  4- 6 || total
-------------------------+-------+-------++-------
Melee: Dagger            |    22 |       ||    22
       Headbutt          |    11 |    14 ||    25
       Unarmed           |     2 |       ||     2
       Whip              |    88 |       ||    88
       Hand axe          |    23 |    71 ||    94
Throw: Javelin           |    10 |       ||    10
  Use: Scroll            |       |     4 ||     4
       Potion            |       |     1 ||     1
  Eat: Chunk             |     2 |     2 ||     4
Armor: Ring mail         |    51 |    27 ||    78
Dodge: Dodged            |   108 |    40 ||   148
